 Dungeon Crawl Stone Soup version 0.22-a0-467-g5c5de1cb09 (webtiles) character file.

29 Lucibear the Ruffian (level 3, 32/32 HPs)
             Began as a Troll Transmuter on June 9, 2018.
             Quit the game on level 2 of the Dungeon on June 10, 2018.
             The game lasted 00:03:40 (698 turns).

Lucibear the Ruffian (Troll Transmuter)              Turns: 698, Time: 00:03:41

Health: 32/32      AC:  5    Str: 18    XL:     3   Next: 1%
Magic:  4/4        EV: 10    Int: 10    God:
Gold:   83         SH:  0    Dex: 10    Spells: 4/5 levels left

rFire    . . .     SeeInvis .     - Unarmed
rCold    . . .     Gourm    +   (no shield)
rNeg     . . .     Faith    .   b - +0 robe
rPois    .         Spirit   .   (helmet restricted)
rElec    .         Reflect  .   (no cloak)
rCorr    .         Harm     .   (gloves unavailable)
MR       .....                  (boots unavailable)
Stlth    +.........             (no amulet)
HPRegen  0.50/turn              (no ring)
MPRegen  0.09/turn              (no ring)

@: no status effects
A: large, unfitting armour, claws 3, fast metabolism 3, gourmand, regeneration
1, shaggy fur 1, tough skin 2
a: no special abilities


You were on level 2 of the Dungeon.
You were completely stuffed.

You visited 1 branch of the dungeon, and saw 2 of its levels.

You collected 83 gold pieces.

Inventory:

Missiles
 a - 38 arrows
Armour
 b - a +0 robe (worn)
Scrolls
 c - a scroll of identify {unknown}
 e - a scroll of remove curse {unknown}
 f - a scroll of immolation {unknown}
 g - a scroll of fear {unknown}
Potions
 h - a potion of magic {unknown}
 i - a potion of brilliance {unknown}
 j - a potion of lignification {unknown}
 l - a potion of degeneration {unknown}
Comestibles
 d - 3 rations
 k - 2 chunks of flesh


   Skills:
 - Level 0.7 Fighting
 + Level 1.8 Dodging
 + Level 3.2 Unarmed Combat
 * Level 1.5 Spellcasting
 * Level 1.9 Transmutations


You had 4 spell levels left.
You knew the following spells:

 Your Spells              Type           Power        Failure   Level  Hunger
a - Beastly Appendage     Tmut           #.....       14%         1    ##.....

Your spell library contained the following spells:

 Spells                   Type           Power        Failure   Level  Hunger
 Spider Form              Tmut/Pois      #.........   54%         3    ####...
 Blade Hands              Tmut           #.........   99%         5    ######.
 Ice Form                 Ice/Tmut       #.......     91%         4    #####..
 Sticks to Snakes         Tmut           #.......     22%         2    ###....


Dungeon Overview and Level Annotations

Branches:
Dungeon (2/15)

Altars:


Innate Abilities, Weirdness & Mutations

You are too large for most types of armour.
You have claws for hands.
Your metabolism is lightning-fast.
You like to eat raw meat.
Your natural rate of healing is unusually fast.
You are covered in fur. (AC +1)
You have very tough skin. (AC +2)


Message History

You climb downwards.
A goblin comes into view. It is wielding a club.
The goblin shouts!
You hear a shout!
The goblin hits you with a club.
Found a ration and a hunting sling.
There is a stone staircase leading up here.
You claw the goblin!
You kill the goblin!
You have reached level 3!
Your experience leads to an increase in your attributes!
Increase (S)trength, (I)ntelligence, or (D)exterity?
Uppercase letters only, please.
You feel clever.
You feel stronger.
A goblin comes into view. It is wielding a dagger.
You see here a club.
Found a scroll labeled OSETWAPT USIRE.
You see here a ration.
Welcome back, Lucibear the Troll Transmuter.
Press ? for a list of commands and other information.
Are you sure you want to abandon this character and quit the game? (Confirm with "yes".)

.....# # #.....# #.
##....... #.#
#........ #.g#
#..).....
#..####........
#.g##.........
..######)...@...?...
.......<............
...........#........
##..###....#...>....
##.....#...........
#...####......... ..
###.#.## #.........
..
.......##..#.......
. .............


You could see a goblin.

Vanquished Creatures
  An adder (D:2)
  2 giant cockroaches (D:1)
  2 goblins (D:2)
  3 hobgoblins
  A quokka (D:2)
  2 ball pythons (D:1)
  5 bats
  2 kobolds (D:1)
  A rat (D:1)
19 creatures vanquished.

Notes
Turn   | Place    | Note
-------+----------+-------------------------------------------
     0 | D:1      | Lucibear the Troll Transmuter began the quest for the Orb.
     0 | D:1      | Reached XP level 1. HP: 18/18 MP: 1/1
    40 | D:2      | Reached XP level 2. HP: 20/26 MP: 3/3
   692 | D:2      | Reached XP level 3. HP: 29/32 MP: 4/4
   698 | D:2      | Quit the game

Vault maps used:
D:1:      elethiomel_arrival_infinity_welcomes_careful_drivers
D:2:      elyvilon_altar_5, fedhas_altar_1

Action                   || total
-------------------------++-------
Melee: Unarmed           ||    44
       Kick              ||     1
       Headbutt          ||     1
       Punch             ||     1
 Cast: Beastly Appendage ||     3
  Eat: Chunk             ||    12
Armor: Robe              ||    21
Dodge: Dodged            ||    21

Table legend:
 A = Spawn XP
 B = Non-spawn XP
 C = Spawn XP percentage of total XP
 D = Spawn monster count
 E = Non-spawn monster count
 F = Spawn count percentage of total count
 G = Total turns spent on level
                    A         B        C        D         E        F      G
               +---------+---------+-------+---------+---------+-------+---------
         Total |       0 |      42 |   0.0 |       0 |      19 |   0.0 |   698
               +---------+---------+-------+---------+---------+-------+---------
           D:1 |       0 |      19 |   0.0 |       0 |      13 |   0.0 |   625
           D:2 |       0 |      23 |   0.0 |       0 |       6 |   0.0 |    73
               +---------+---------+-------+---------+---------+-------+---------
